 Dungeon Sprint DCSS version 0.31.0-12-g77e489cdc1 (webtiles) character file.

Game seed: 6573082399246075659

482 Heoruswealwe the Skirmisher (level 7, 0/60 HPs)
             Began as a Gnoll Hunter on Feb 14, 2024.
             Was an Initiate of Gozag.
             Slain by a gnoll sergeant
             ... wielding a +1 spear of freezing
              (12 damage)
             ... in the Dungeon (Sprint IX: "|||||||||||||||||||||||||||||").
             The game lasted 00:04:57 (265 turns).

Heoruswealwe the Skirmisher (Gnoll Hunter)           Turns: 265, Time: 00:04:58

Health: 0/60       AC: 12    Str: 13    XL:     7   Next: 12%
Magic:  10/15      EV: 12    Int:  8    God:    Gozag
Gold:   0          SH:  0    Dex: 18    Spells: 16/16 levels left

rFire   . . .        b - +16 obsidian axe {drain, demonic, Mesm ^Drain Fly SInv}
rCold   . . .        (no shield)
rNeg    . . .        c - +1 scale mail
rPois   .            (no helmet)
rElec   .            (no cloak)
rCorr   .            f - +0 pair of gloves
SInv    +            e - +0 pair of boots
Will    .....        (no amulet)
Stlth   ++           k - +3 ring of strength
HPRegen 0.30/turn    j - +2 ring of protection
MPRegen 0.14/turn

%: no teleportation
@: flying, mesmerised
A: fangs 1, strong nose, distributed training
a: Renounce Religion, Potion Petition, Call Merchant, Bribe Branch


You were in the Dungeon.
You worshipped Gozag.
Gozag was noncommittal.
You visited 1 branch

Inventory:

Hand Weapons
 a - a +0 shortbow
 b - the +16 obsidian axe (weapon) {drain, demonic, Mesm ^Drain Fly SInv}
   (You found it in the Dungeon)

   Mesm:      Its wielder is mesmerised by any visible foes, and it cannot be
   unequipped while any foes are visible.
   SInv:      It lets you see invisible.
   Fly:       It grants you flight.
   ^Drain:    It drains your maximum health when unequipped.
Armour
 c - a +1 scale mail (worn)
 e - a +0 pair of boots (worn)
 f - a +0 pair of gloves (worn)
Jewellery
 j - a +2 ring of protection (right hand)
 k - a +3 ring of strength (left hand)
Wands
 o - a wand of quicksilver (10)
Scrolls
 i - 2 scrolls of blinking
Potions
 d - 5 potions of curing
 g - 4 potions of magic
 h - a potion of berserk rage
 m - a potion of haste
 n - a potion of invisibility


   Skills:
 + Level 7.1 Fighting
 + Level 5.4 Short Blades
 + Level 5.4 Long Blades
 + Level 5.4 Axes
 + Level 5.4 Maces & Flails
 + Level 5.4 Polearms
 + Level 5.4 Staves
 + Level 10.1 Ranged Weapons
 + Level 5.4 Throwing
 + Level 5.4 Armour
 + Level 7.1 Dodging
 + Level 5.9 Stealth
 + Level 5.4 Shields
 + Level 5.4 Unarmed Combat
 + Level 5.4 Spellcasting
 + Level 4.4 Conjurations
 + Level 4.4 Hexes
 + Level 4.4 Summonings
 + Level 4.4 Necromancy
 + Level 4.4 Translocations
 + Level 4.4 Fire Magic
 + Level 4.4 Ice Magic
 + Level 4.4 Air Magic
 + Level 4.4 Earth Magic
 + Level 4.4 Alchemy
 + Level 5.9 Invocations
 + Level 5.4 Evocations
 + Level 4.9 Shapeshifting


You had 16 spell levels left.
You didn't know any spells.
Your spell library was empty.

Dungeon Overview and Level Annotations

Branches:
Dungeon (1/1)

Altars:
Cheibriados
Dithmenos
Elyvilon
Fedhas
Gozag
Hepliaklqana
Kikubaaqudgha
Makhleb
Nemelex Xobeh
Okawaru
Qazlal
Ru
Sif Muna
Trog
Uskayaw
Vehumet
Wu Jian
Xom
Yredelemnul
Zin
The Shining One
Jiyva
Lugonu


Innate Abilities, Weirdness & Mutations

You have very sharp teeth.
Your uncanny sense of smell can sniff out nearby items.
Your experience applies equally to all skills.


Message History

Your Long Blades skill increases to level 5!
Your Axes skill increases to level 5!
Your Maces & Flails skill increases to level 5!
Your Polearms skill increases to level 5!
Your Staves skill increases to level 5!
Your Ranged Weapons skill increases to level 10!
Your Throwing skill increases to level 5!
Your Armour skill increases to level 5!
Your Dodging skill increases to level 7!
Your Shields skill increases to level 5!
Your Unarmed Combat skill increases to level 5!
Your Spellcasting skill increases to level 5!
Your Evocations skill increases to level 5!
You have reached level 7!
You cannot move away from the two-headed ogre!
The two-headed ogre is no longer distracted by gold.
The gnoll sergeant is no longer distracted by gold.
You slash the two-headed ogre! You drain the two-headed ogre.
The two-headed ogre is moderately wounded.
The gnoll sergeant hits you from afar with a +1 spear of freezing.
The gnoll sergeant freezes you.
The two-headed ogre hits you with a +0 giant club!!
* * * LOW HITPOINT WARNING * * *
The two-headed ogre closely misses you.
You feel much better. The gnoll sergeant closely misses you.
The two-headed ogre hits you with a +0 giant club!!
The two-headed ogre hits you with a +0 giant club!
* * * LOW HITPOINT WARNING * * *
You feel much better.
The gnoll sergeant hits you but does no damage.
You slash the two-headed ogre!
The two-headed ogre is heavily wounded.
The gnoll sergeant hits you from afar with a +1 spear of freezing!
The gnoll sergeant freezes you.
The two-headed ogre hits you with a +0 giant club!!
* * * LOW HITPOINT WARNING * * *
The two-headed ogre completely misses you.
The gnoll sergeant hits you from afar with a +1 spear of freezing!
You die...
Your body crumbles into a pile of gold.

∆ ∆ ∆∆∆∆
▓▓▓▓▓▓▓▓▓▓▓▓▓▓▓▓▓▓▓▓▓▓▓▓
...ccgO@4...[).?'_______
▓▓▓▓▓▓▓▓▓▓▓▓▓▓▓▓▓▓▓▓▓▓▓▓


You could see a two-headed ogre (mesmerising, drained, ally target), a gnoll
sergeant, 2 centaurs and a friendly rust devil (summoned).

Vanquished Creatures
  A troll (D)
  A wraith (D)
  A hound (D)
  An iguana (D)
  2 sleepcaps (D)
  A shadow imp (D)
  An endoplasm (D)
  A goblin (D)
  A hobgoblin (D)
  A quokka (D)
  A rat (D)
12 creatures vanquished.

Notes
Turn   | Place    | Note
-------+----------+-------------------------------------------
     0 | D        | Heoruswealwe the Gnoll Hunter began the quest for the Orb.
     0 | D        | Reached XP level 1. HP: 20/20 MP: 1/1
    14 | D        | Reached skill level 1 in Invocations
    17 | D        | Reached skill level 1 in Short Blades
    17 | D        | Reached skill level 1 in Long Blades
    17 | D        | Reached skill level 1 in Axes
    17 | D        | Reached skill level 1 in Maces & Flails
    17 | D        | Reached skill level 1 in Polearms
    17 | D        | Reached skill level 1 in Staves
    17 | D        | Reached skill level 1 in Throwing
    17 | D        | Reached skill level 1 in Armour
    17 | D        | Reached skill level 1 in Shields
    17 | D        | Reached skill level 1 in Unarmed Combat
    17 | D        | Reached skill level 1 in Spellcasting
    17 | D        | Reached skill level 1 in Evocations
    26 | D        | Noticed a sleepcap
    26 | D        | Noticed a hound
    26 | D        | Noticed a sleepcap
    26 | D        | Noticed an iguana
    30 | D        | Reached skill level 1 in Conjurations
    30 | D        | Reached skill level 1 in Hexes
    30 | D        | Reached skill level 1 in Summonings
    30 | D        | Reached skill level 1 in Necromancy
    30 | D        | Reached skill level 1 in Translocations
    30 | D        | Reached skill level 1 in Fire Magic
    30 | D        | Reached skill level 1 in Ice Magic
    30 | D        | Reached skill level 1 in Air Magic
    30 | D        | Reached skill level 1 in Earth Magic
    30 | D        | Reached skill level 1 in Alchemy
    30 | D        | Reached skill level 1 in Shapeshifting
    30 | D        | Reached XP level 2. HP: 7/26 MP: 4/4
    36 | D        | Reached skill level 5 in Fighting
    36 | D        | Reached skill level 5 in Dodging
    36 | D        | Reached XP level 3. HP: 28/33 MP: 4/6
    47 | D        | Reached XP level 4. HP: 18/39 MP: 5/7
    51 | D        | Reached skill level 9 in Ranged Weapons
    60 | D        | Reached XP level 5. HP: 6/46 MP: 6/9
    89 | D        | Found a snail-covered altar of Cheibriados.
    89 | D        | Found a shadowy altar of Dithmenos.
    89 | D        | Found a white marble altar of Elyvilon.
    89 | D        | Found a blossoming altar of Fedhas.
    89 | D        | Found an opulent altar of Gozag.
    90 | D        | Found a hazy altar of Hepliaklqana.
    91 | D        | Found a viscous altar of Jiyva.
    92 | D        | Found an ancient bone altar of Kikubaaqudgha.
    93 | D        | Found a corrupted altar of Lugonu.
    94 | D        | Found a burning altar of Makhleb.
    95 | D        | Found a sparkling altar of Nemelex Xobeh.
    96 | D        | Found an iron altar of Okawaru.
    97 | D        | Became a worshipper of Gozag Ym Sagoz the Greedy
    98 | D        | Found a stormy altar of Qazlal.
    99 | D        | Found a sacrificial altar of Ru.
   100 | D        | Found a shimmering blue altar of Sif Muna.
   101 | D        | Found a bloodstained altar of Trog.
   102 | D        | Found a hide-covered altar of Uskayaw.
   103 | D        | Found a radiant altar of Vehumet.
   104 | D        | Found an ornate altar of the Wu Jian Council.
   105 | D        | Found a shimmering altar of Xom.
   106 | D        | Found a basalt altar of Yredelemnul.
   107 | D        | Found a glowing silver altar of Zin.
   108 | D        | Found a glowing golden altar of the Shining One.
   116 | D        | Found the +16 obsidian axe {drain, demonic, Mesm ^Drain Fly
                  | SInv}
   250 | D        | Noticed a centaur
   250 | D        | Noticed a two-headed ogre
   250 | D        | Noticed a centaur
   250 | D        | Noticed a wraith
   250 | D        | Noticed a troll
   253 | D        | Killed a troll
   254 | D        | Reached skill level 5 in Stealth
   254 | D        | Reached skill level 5 in Invocations
   254 | D        | Reached XP level 6. HP: 45/53 MP: 9/13
   256 | D        | Killed a wraith
   257 | D        | Reached skill level 5 in Short Blades
   257 | D        | Reached skill level 5 in Long Blades
   257 | D        | Reached skill level 5 in Axes
   257 | D        | Reached skill level 5 in Maces & Flails
   257 | D        | Reached skill level 5 in Polearms
   257 | D        | Reached skill level 5 in Staves
   257 | D        | Reached skill level 10 in Ranged Weapons
   257 | D        | Reached skill level 5 in Throwing
   257 | D        | Reached skill level 5 in Armour
   257 | D        | Reached skill level 5 in Shields
   257 | D        | Reached skill level 5 in Unarmed Combat
   257 | D        | Reached skill level 5 in Spellcasting
   257 | D        | Reached skill level 5 in Evocations
   257 | D        | Reached XP level 7. HP: 38/60 MP: 9/15
   265 | D        | Slain by a gnoll sergeant

Illustrated notes

Levels and vault maps discovered:
D:        linesprint [early_d, line_temple, items_1, d_10, items_2, lair_1,
          lair_end, items_3, orc_1, orc_end, items_4, d_15, swamp_1, shoals_1,
          snake_1, spider_1, d_20, vaults_1, items_5, swamp_end, shoals_end,
          snake_end, spider_end, vaults_end, d_27, items_6, zot_1, zot_end,
          crypt_end, forest_end, elf_end, slime_end, tomb_end, abyss_end,
          pan_hell_end]

Skill      XL: |  1  2  3  4  5  6 |
---------------+-------------------+-----
Invocations    | 1 2 3 5 |  5.9
Short Blades   | 1 2 3 4 5 |  5.4
Long Blades    | 1 2 3 4 5 |  5.4
Axes           | 1 2 3 4 5 |  5.4
Maces & Flails | 1 2 3 4 5 |  5.4
Polearms       | 1 2 3 4 5 |  5.4
Staves         | 1 2 3 4 5 |  5.4
Throwing       | 1 2 3 4 5 |  5.4
Armour         | 1 2 3 4 5 |  5.4
Shields        | 1 2 3 4 5 |  5.4
Unarmed Combat | 1 2 3 4 5 |  5.4
Spellcasting   | 1 2 3 4 5 |  5.4
Evocations     | 1 2 3 4 5 |  5.4
Conjurations   | 1 2 4 |  4.4
Hexes          | 1 2 4 |  4.4
Summonings     | 1 2 4 |  4.4
Necromancy     | 1 2 4 |  4.4
Translocations | 1 2 4 |  4.4
Fire Magic     | 1 2 4 |  4.4
Ice Magic      | 1 2 4 |  4.4
Air Magic      | 1 2 4 |  4.4
Earth Magic    | 1 2 4 |  4.4
Alchemy        | 1 2 4 |  4.4
Shapeshifting  | 1 2 3 4 |  4.9
Fighting       | 5 6 7 |  7.1
Dodging        | 5 6 7 |  7.1
Stealth        | 3 4 5 |  5.9
Ranged Weapons | 9 10 | 10.1

Action                     |  1- 3 |  4- 6 |  7- 9 || total
---------------------------+-------+-------+-------++-------
  Melee: Broad axe         |       |     6 |     2 ||     8
         Punch             |       |     1 |       ||     1
   Fire: Shortbow          |    30 |    12 |       ||    42
    Use: Potion            |     1 |       |     2 ||     3
 Armour: Leather armour    |     9 |     5 |       ||    14
         Scale mail        |       |     9 |     8 ||    17
  Dodge: Dodged            |    16 |    12 |     3 ||    31
